 Dungeon Crawl Stone Soup version 0.27-a0-594-g2aaa8dbbc2 (webtiles) character file.

Game seed: 5323345254521603084

375 EnegeticOcto the Grave Robber (level 6, -1/43 HPs)
             Began as a Mummy Necromancer on Mar 11, 2021.
             Slain by a phantom (3 damage)
             ... on level 4 of the Dungeon.
             The game lasted 00:14:08 (2144 turns).

EnegeticOcto the Grave Robber (Mummy Necromancer)   Turns: 2144, Time: 00:14:09

Health: -1/43      AC:  6    Str: 15    XL:     6   Next: 44%
Magic:  0/11       EV: 12    Int: 16    God:
Gold:   206        SH:  0    Dex: 13    Spells: 7/11 levels left

rFire    x . .     SeeInvis .   g - +4 mace (vorpal)
rCold    + . .     Faith    .   (no shield)
rNeg     + + +     Spirit   .   a - +0 robe
rPois    ∞         Reflect  .   h - +1 helmet
rElec    .         Harm     .   (no cloak)
rCorr    .         Rampage  .   (no gloves)
Will     .....                  i - +1 pair of boots of Qita {rN+ Str+4}
Stlth    ++........             (no amulet)
HPRegen  0.14/turn              (no ring)
MPRegen  0.12/turn              (no ring)

@: no status effects
A: cold resistance 1, negative energy resistance 3, torment resistance 2,
unbreathing 1, heat vulnerability 1, no potions
a: no special abilities


You were on level 4 of the Dungeon.
You visited 1 branch of the dungeon, and saw 5 of its levels.

You collected 206 gold pieces.

Inventory:

Hand Weapons
 b - a +0 dagger
   (You found it on level 1 of the Dungeon)
 d - a +0 dagger of flaming
   (You took it off a goblin on level 1 of the Dungeon)
 g - a +4 vorpal mace (weapon)
   (You took it off Robin on level 2 of the Dungeon)
 m - a +0 dagger of venom
   (You found it on level 2 of the Dungeon)
 s - a +0 vorpal hand axe
   (You took it off an orc on level 3 of the Dungeon)
 t - a +1 vampiric dagger
   (You took it off an orc on level 3 of the Dungeon)
Missiles
 c - 5 boomerangs (quivered)
 n - 37 poisoned darts
Armour
 a - a +0 robe (worn)
 h - a +1 helmet (worn)
   (You took it off Robin on level 2 of the Dungeon)
 i - the +1 pair of boots of Qita (worn) {rN+ Str+4}
   (You found it on level 4 of the Dungeon)

   It affects your strength (+4).
   It protects you from negative energy.
 l - a +2 scale mail of cold resistance
   (You took it off a goblin on level 2 of the Dungeon)
 q - a +0 buckler
   (You found it on level 3 of the Dungeon)
Jewellery
 r - a ring of resist corrosion
   (You found it on level 3 of the Dungeon)
Scrolls
 f - 3 scrolls of teleportation {unknown}
 j - a scroll of fear {!r}
 o - a scroll of fog {!r}
 p - a scroll of noise


   Skills:
 + Level 1.3 Fighting
 - Level 1.5 Dodging
 - Level 1.5 Stealth
 + Level 3.3 Spellcasting
 + Level 7.4 Necromancy


You had 7 spell levels left.
You knew the following spells:

 Your Spells              Type           Power      Damage    Failure   Level
a - Pain                  Necr           100%       1d9       1%          1
b - Vampiric Draining     Necr           13%        2d7       2%          3

Your spell library contained the following spells:

 Spells                   Type           Power      Damage    Failure   Level
 Animate Skeleton         Necr           52%        N/A       1%          1
 Animate Dead             Necr           13%        N/A       9%          4
 Agony                    Necr           26%        N/A       24%         5


Dungeon Overview and Level Annotations

Branches:
Dungeon (5/15)
 Temple: D:4-7

Altars:


Innate Abilities, Weirdness & Mutations

You are immune to poison.
Your flesh is cold resistant. (rC+)
You are immune to negative energy. (rN+++)
You are immune to unholy pain and torment.
You can survive without breathing.
You are vulnerable to heat. (rF-)
You do not drink.


Message History

You hit the phantom.
The phantom is severely damaged.
The phantom hits you.
The phantom blinks!
You blink.
You closely miss the phantom.
The phantom is severely damaged.
The phantom hits you.
The phantom blinks!
You blink.
The phantom completely misses you.
You closely miss the phantom.
The phantom is severely damaged.
The phantom completely misses you.
You barely miss the phantom.
The phantom is severely damaged.
The phantom hits you!
* * * LOW HITPOINT WARNING * * *
The phantom blinks!
You blink.
Found a stone staircase leading down.
A hound and a centaur come into view.
The hound barks!
You hear a shout!
The centaur moves out of view.
The phantom hits you.
* * * LOW HITPOINT WARNING * * *
You see here an adder corpse.
Casting: Pain (safe; 1% risk of failure)
Confirm with . or Enter, or press ? or * to list all spells.
Aiming: Vampiric Draining (dangerous; 2% risk of failure)
Press: ? - help, Shift-Dir - straight line, f - hound, p - phantom
Aim: a hound You draw life force from the hound!
You feel life coursing into your body. The hound closely misses you.
The hound bites you.
* * * LOW HITPOINT WARNING * * *
Casting: Vampiric Draining (dangerous; 2% risk of failure)
Confirm with . or Enter, or press ? or * to list all spells.
Aiming: Vampiric Draining (dangerous; 2% risk of failure)
Press: ? - help, Shift-Dir - straight line, f/p - hound
Aim: a hound (moderately wounded)
You draw life force from the hound!
You feel life coursing into your body. The hound barely misses you.
The hound closely misses you. The hound completely misses you.
The hound bites you but does no damage.
Casting: Vampiric Draining (dangerous; 2% risk of failure)
Confirm with . or Enter, or press ? or * to list all spells.
Aiming: Vampiric Draining (dangerous; 2% risk of failure)
Press: ? - help, Shift-Dir - straight line, f/p - hound
Aim: a hound (severely wounded)
You draw life force from the hound!
You kill the hound!
You feel life coursing into your body.
Casting: Vampiric Draining (dangerous; 2% risk of failure)
Confirm with . or Enter, or press ? or * to list all spells.
You don't have enough magic to cast this spell.
You miss the phantom.
The phantom is severely damaged.
The giant cockroach closely misses you. The phantom hits you.
The giant cockroach barely misses you.
You closely miss the phantom.
The phantom is severely damaged.
The phantom hits you.
The giant cockroach bites you but does no damage.
You hit the phantom.
The phantom is severely damaged.
The giant cockroach bites you but does no damage.
The phantom hits you.
* * * LOW HITPOINT WARNING * * *
The giant cockroach waves its antennae.
The giant cockroach bites you but does no damage.
The phantom misses you.
You closely miss the phantom.
The phantom is severely damaged.
The giant cockroach bites you but does no damage.
The phantom barely misses you.
The giant cockroach bites you but does no damage.
You hit the phantom.
The phantom is almost destroyed.
The phantom barely misses you. The giant cockroach barely misses you.
The phantom closely misses you.
Casting: Vampiric Draining (dangerous; 2% risk of failure)
Confirm with . or Enter, or press ? or * to list all spells.
Aiming: Vampiric Draining (dangerous; 2% risk of failure)
Press: ? - help, Shift-Dir - straight line, f - giant cockroach
Aim: a giant cockroach You draw life force from the giant cockroach.
You feel life coursing into your body. The giant cockroach bites you.
* * * LOW HITPOINT WARNING * * *
The phantom hits you but does no damage.
The giant cockroach misses you.
You hit the phantom.
The phantom is almost destroyed.
The giant cockroach bites you but does no damage.
The phantom misses you.
You miss the phantom.
The phantom is almost destroyed.
The giant cockroach closely misses you. The phantom hits you!
* * * LOW HITPOINT WARNING * * *
The phantom blinks!
You blink.
You closely miss the phantom.
The phantom is almost destroyed.
The phantom hits you.
You die...

#.....###....# ##.........
##.....#.....#
##..........
##...........##
###...........
#..#####......#
###............. #.##
###....####...............
..#
##....#.....†.......!...
.##
##.......#######......> .#
##..#...## ###..... .##
#...#.@.# #..... !.#
##..###WB# ...## #.# #..##
#.†### ..## #..# ##..#
##§§.# #..# #..## #.....#
#.## ##..# #.........
#..###..## #.####....
#†.#...# #.# ... #......#
..# ..


You could see a phantom and a giant cockroach.

Vanquished Creatures
  2 hounds (D:4)
  An orc priest (D:4)
  2 bullfrog skeletons (D:4)
  Jessica (D:2)
  Robin (D:2)
  6 adders
  2 dart slugs
  3 leopard geckos
  7 orcs (D:3)
  7 bats
  10 giant cockroaches
  23 goblins
  18 hobgoblins
  9 jackals
  2 quokkas
  10 frilled lizards
  9 kobolds
  5 rats
118 creatures vanquished.

Notes
Turn   | Place    | Note
-------+----------+-------------------------------------------
     0 | D:1      | EnegeticOcto the Mummy Necromancer began the quest for the
                  | Orb.
     0 | D:1      | Reached XP level 1. HP: 13/13 MP: 4/4
   113 | D:1      | Reached XP level 2. HP: 19/19 MP: 0/5
   384 | D:1      | Reached skill level 5 in Necromancy
   398 | D:1      | Reached XP level 3. HP: 21/24 MP: 4/7
   402 | D:1      | Learned a level 3 spell: Vampiric Draining
   423 | D:2      | Noticed Robin
   563 | D:2      | Killed Robin
   647 | D:2      | Reached XP level 4. HP: 21/30 MP: 1/8
   869 | D:2      | Noticed Jessica
   878 | D:2      | Killed Jessica
   879 | D:2      | Reached skill level 6 in Necromancy
  1001 | D:2      | Reached XP level 5. HP: 27/35 MP: 3/9
  1786 | D:4      | Reached skill level 7 in Necromancy
  1881 | D:5      | Entered Level 5 of the Dungeon
  1881 | D:5      | Noticed a centaur
  1902 | D:4      | Reached XP level 6. HP: 25/42 MP: 10/10
  1943 | D:4      | Reached skill level 3 in Spellcasting
  1956 | D:4      | Reached skill level 1 in Fighting
  2078 | D:4      | Identified the +1 pair of boots of Qita {rN+ Str+4}
  2143 | D:4      | HP: 2/43 [phantom (9)]
  2144 | D:4      | Slain by a phantom

Illustrated notes

Levels and vault maps discovered:
D:1:      nicolae_arrival_washed_ashore, layout_loops_ring
D:2:      layout_loops_ring, minmay_joined_circles, uniq_jessica, uniq_robin
D:3:      layout_basic
D:4:      layout_layer_cave, minmay_temple_entry_large_hall,
          ebering_ghost_sewer_d
D:5:      layout_layer_cave, uniq_grinder

Skill      XL: |  1  2  3  4  5  6 |
---------------+-------------------+-----
Necromancy     | 5 6 7 |  7.4
Spellcasting   | 3 |  3.3
Fighting       | 1 |  1.3
Dodging        | |  1.5
Stealth        | |  1.5

Action                   |  1- 3 |  4- 6 || total
-------------------------+-------+-------++-------
Melee: Dagger            |    13 |       ||    13
       Mace              |     8 |    92 ||   100
Throw: Boomerang         |     7 |    24 ||    31
 Cast: Pain              |    60 |   100 ||   160
       Vampiric Draining |       |     9 ||     9
  Use: Scroll            |       |     9 ||     9
Armor: Robe              |     2 |    26 ||    28
Dodge: Dodged            |    34 |    89 ||   123

Table legend: (Time is in decaauts)
 A = Elapsed time spent in this place.
 B = Non-inter-level travel time spent in this place.
 C = Inter-level travel time spent in this place.
 D = Time resting spent in this place.
 E = Time spent auto-exploring this place.
 F = Levels seen in this place.
 G = Mean time per level.
                   A        B        C        D        E       F      G
               +--------+--------+--------+--------+--------+-----+--------+
         Total |   2237 |   2236 |      1 |      0 |      0 |   5 |  447.4 |
       Dungeon |   2237 |   2236 |      1 |      0 |      0 |   5 |  447.4 |
               +--------+--------+--------+--------+--------+-----+--------+

Top non-repeatable levels by time:
     D:2: 767 daAuts
     D:3: 621 daAuts
     D:1: 548 daAuts
     D:4: 298 daAuts
     D:5: 1 daAuts
